 Dungeon Crawl Stone Soup version 0.31-a0-221-gbddc013574 (webtiles) character file.

Game seed: 11231642487322352664

54093 puppykicker the Zephyrmancer (level 14, -2/84 HPs)
             Began as a Tengu Air Elementalist on July 4, 2023.
             Was a Follower of Dithmenos.
             Slain by a white ugly thing (34 damage)
             ... on level 11 of the Dungeon.
             The game lasted 01:09:18 (12547 turns).

puppykicker the Zephyrmancer (TeAE)                Turns: 12547, Time: 01:09:19

Health: -2/84      AC: 10    Str:  9    XL:     14   Next: 71%
Magic:  19/37      EV: 19    Int: 25    God:    Dithmenos [*.....]
Gold:   27         SH:  0    Dex: 15    Spells: 14/32 levels left

rFire   + . .        a - +5 long sword "Duuzymuh" {freeze, rF+ rN+}
rCold   . . .        (no shield)
rNeg    + . .        X - +1 leather armour of Moral Flaws {rPois Int+5}
rPois   +            R - +1 hat
rElec   .            N - +0 cloak
rCorr   .            G - +1 Delatra's gloves {ID++}
SInv    .            (boots unavailable)
Will    +....        (no amulet)
Stlth   +++          g - ring of magical power {MP+9}
HPRegen 0.34/turn    W - ring of wizardry {Wiz+}
MPRegen 0.25/turn

%: wizardry (x1)
@: swift, flying quickly and evasively, wreathed by umbra, very quick
A: beak, talons 3, nimble flight
a: Renounce Religion


You were on level 11 of the Dungeon.
You worshipped Dithmenos.
Dithmenos was aware of your devotion.
You visited 2 branches of the dungeon, and saw 12 of its levels.
You also visited: Ossuary.

You collected 856 gold pieces.
You spent 829 gold pieces at shops.

Inventory:

Hand Weapons
 a - the +5 long sword "Duuzymuh" (weapon) {freeze, rF+ rN+}
   (You found it on level 10 of the Dungeon)

   rF:        It protects you from fire.
   rN:        It protects you from negative energy.
 b - a +3 rapier of venom
 h - a +2 scimitar of flaming
 Y - a +0 bardiche
Missiles
 d - 17 poisoned darts (quivered)
 H - a curare-tipped dart
 K - a throwing net
Armour
 q - a +0 kite shield
 G - the +1 Delatra's gloves (worn) {ID++}
   (You found it on level 4 of the Dungeon)

   ID++:      It heals its wearer when they drink unknown potions, and restores
   their MP when they read unknown scrolls.
 N - a +0 cloak (worn)
 R - a +1 hat (worn)
 U - +0 acid dragon scales
 X - the +1 leather armour of Moral Flaws (worn) {rPois Int+5}
   (You found it on level 9 of the Dungeon)

   Int:       It affects your intelligence (+5).
   rPois:     It protects you from poison.
Magical Staves
 s - a staff of death {rN+}
 w - a staff of poison {rPois}
Jewellery
 g - a ring of magical power (left hand) {MP+9}
 C - a ring of resist corrosion
 I - a ring of protection from cold
 V - a ring of willpower
 W - a ring of wizardry (right hand) {Wiz+}
Wands
 o - a wand of polymorph (4)
 D - a wand of digging (10)
 L - a wand of charming (11)
 M - a wand of acid (11)
 O - a wand of flame (11)
 Z - a wand of iceblast (9)
Scrolls
 e - 3 scrolls of fear
 f - 2 scrolls of fog
 p - 2 scrolls of noise {!r}
 t - 9 scrolls of teleportation
 u - 2 scrolls of torment {!r}
 y - a scroll of summoning
 z - 2 scrolls of poison {!r}
 B - 2 scrolls of blinking {!r}
 F - 3 scrolls of enchant armour
 P - 2 scrolls of immolation {!r}
 Q - a scroll of vulnerability {!r!r}
 T - 3 scrolls of enchant weapon
Potions
 c - 4 potions of enlightenment
 j - 2 potions of degeneration {unknown}
 k - 2 potions of magic
 l - 5 potions of cancellation
 m - 3 potions of curing {unknown}
 n - a potion of mutation {!q}
 r - a potion of heal wounds
 v - 2 potions of lignification {!q}
 x - 3 potions of berserk rage {!q}
 J - 2 potions of might
 S - 2 potions of attraction {!q}


   Skills:
 - Level 8.0 Fighting
 - Level 9.0 Armour
 - Level 9.0 Dodging
 - Level 6.0 Stealth
 - Level 9.5 Spellcasting
 - Level 12.0 Conjurations
 + Level 0.8 Necromancy
 + Level 0.5 Translocations
 - Level 12.0 Air Magic
 + Level 4.1 Poison Magic
 + Level 3.0 Invocations
 + Level 3.9 Evocations


You had 14 spell levels left.
You knew the following spells:

 Your Spells              Type           Power      Damage    Failure   Level
a - Shock                 Conj/Air       100%       1d9       1%          1
b - Static Discharge      Conj/Air       100%       2-7/arc   1%          2
e - Airstrike             Air            32%        2d(5-21)  1%          4
g - Apportation           Tloc           28%        N/A       2%          1
m - Swiftness             Air            64%        N/A       1%          3
x - Mephitic Cloud        Conj/Pois/Air  56%        N/A       1%          3
z - Olgreb's Toxic Radia  Pois           32%        N/A       4%          4

Your spell library contained the following spells:

 Spells                   Type           Power      Damage    Failure   Level
 Magic Dart               Conj           100%       1d8       1%          1
 Stone Arrow              Conj/Erth      84%        3d12      1%          3
 Lesser Beckoning         Tloc           28%        N/A       3%          2
 Call Imp                 Summ           22%        N/A       4%          2
 Gell's Gravitas          Tloc           14%        N/A       6%          3
 Teleport Other           Tloc           14%        N/A       6%          3
 Portal Projectile        Hex/Tloc       26%        N/A       8%          3
 Tukima's Dance           Hex            11%        N/A       9%          3
 Animate Armour           Summ/Erth      22%        N/A       26%         4
 Summon Forest            Summ/Tloc      6%         N/A       52%         5
 Blade Hands              Tmut           5%         N/A       56%         5
 Eringya's Noxious Bog    Tmut/Pois      11%        N/A       83%         6
 Summon Hydra             Summ           5%         N/A       100%        7
 Borgnjor's Revivificati  Necr           8%         N/A       100%        8
 Discord                  Hex            5%         N/A       100%        8
 Ignition                 Fire           5%         3d4       100%        8
 Lehudib's Crystal Spear  Conj/Erth      21%        10d6      100%        8
 Necromutation            Tmut/Necr      7%         N/A       100%        8
 Death's Door             Necr           8%         N/A       100%        9


Dungeon Overview and Level Annotations

Branches:
Dungeon (11/15)            Temple (1/1) D:7            Lair (0/5) D:9
Ossuary (visited)
    Orc: D:9-12

Altars:
Ashenzari
Cheibriados
Dithmenos
Elyvilon
Fedhas
Gozag
Hepliaklqana
Kikubaaqudgha
Makhleb
Nemelex Xobeh
Okawaru
Qazlal
Ru
Sif Muna
Trog
Uskayaw
Vehumet
Wu Jian
Xom
Yredelemnul
Zin
The Shining One

Shops:
D:9 *?[=?


Innate Abilities, Weirdness & Mutations

You have a beak for a mouth.
You have claws for feet.
Your magical nature lets you fly swiftly and evasively.


Message History

Aiming: Shock (safe; 1% risk of failure)
Press: ? - help, Shift-Dir - straight line, f/p - white ugly thing
Aim: a white ugly thing (lightly wounded, poisoned, 74% to hit)
The zap misses the white ugly thing.
The white ugly thing looks even sicker.
Your toxic aura wanes.
You now have 31/37 mp.
Casting: Shock (safe; 1% risk of failure)
Aiming: Airstrike (safe; 1% risk of failure)
Press: ? - help, Dir - move target, f/p - white ugly thing
Aim: a white ugly thing (lightly wounded, very poisoned, empty space bonus: 8/8)
The air twists around and strikes the white ugly thing!!
You now have 28/37 mp.
Casting: Airstrike (safe; 1% risk of failure)
Aiming: Airstrike (safe; 1% risk of failure)
Press: ? - help, Dir - move target, f/p - white ugly thing
Aim: a white ugly thing (heavily wounded, very poisoned, umbra, empty space bonus: 5/8)
The air twists around and strikes the white ugly thing!
The white ugly thing barely misses you.
You now have 24/37 mp.
The white ugly thing attacks as you move away!
The white ugly thing closely misses you.
The white ugly thing attacks as you move away!
The white ugly thing kicks you but does no damage.
Casting: Airstrike (safe; 1% risk of failure)
Aiming: Airstrike (safe; 1% risk of failure)
Press: ? - help, Dir - move target, f/p - white ugly thing
Aim: a white ugly thing (heavily wounded, poisoned, umbra, empty space bonus: 4/8)
The air twists around and strikes the white ugly thing.
The white ugly thing kicks you! The white ugly thing freezes you!!
* * * LOW HITPOINT WARNING * * *
You take 44 damage, and have 40/84 hp.
MASSIVE DAMAGE!!
You now have 21/37 mp.
The white ugly thing attacks as you move away!
The white ugly thing kicks you but does no damage.
Casting: Airstrike (safe; 1% risk of failure)
You feel quick. The white ugly thing kicks you!
* * * LOW HITPOINT WARNING * * *
The white ugly thing freezes you!!
You die...

#{##.## #...#### #.##.#
#......# #.##.#
#####..###.# ..........#
#......# #.# .######.###
#.####.# #.# #.# #.# #.#
#.# ###.## #.# #.# #.#
#.....#####.####.###.##
##.....#....u@.........#
.<..........#########..#
##.....#.##.# ###..#
#.....#.##.# ####....#
###.###.##.# #.......#
#. ..##.# #<##.#### .
####.# #.##.# # #.#
#.##.# #.# #.##.#


You could see a white ugly thing (poisoned).

Levels and vault maps discovered:
D:1:      minmay_arrival_shoal_huts, layout_basic, minmay_pentomino_r2
D:2:      cheibrodos_fertilizer, layout_basic,
          shapermc_ecumenical_altar_rom_forum, basic_altar
D:3:      layout_rooms
D:4:      layout_loops_cross, mainiacjoe_overflow_cross_hatched
D:5:      layout_loops_ring, uniq_sigmund, uniq_prince_ribbit1, uniq_grinder
D:6:      layout_gridville, mainiacjoe_overflow_concentric_impassable,
          elyvilon_altar_5, enter_ossuary_5, uniq_eustachio
D:7:      layout_loops_corners, worldfamousw_hep_ancestral_shrine,
          minmay_temple_entry_wispy, uniq_pikel
D:8:      layout_basic, mainiacjoe_overflow_alcove_4, grunt_potential
D:9:      layout_long_grid, brannock_xom_greatest_gift,
          nicolae_qazlal_scattered_showers, minmay_overflow_temple_star_quad,
          lemuel_crystal_altar, mainiacjoe_overflow_24_doors,
          david_lair_generic, serial_shops, shop, shop, shop, shop,
          nicolae_shop_window_shopping
D:10:     layout_irregular_city, uniq_maurice
D:11:     layout_loops_ring, orc_0_dummy
Temple:   eino_temple_lava

Notes
Turn   | Place    | Note
-------+----------+-------------------------------------------
     0 | D:1      | puppykicker the Tengu Air Elementalist began the quest for
                  | the Orb.
     0 | D:1      | Reached XP level 1. HP: 10/10 MP: 4/4
    92 | D:1      | Identified a +0 short sword
   135 | D:1      | Identified a +0 dagger
   222 | D:1      | Reached XP level 2. HP: 15/15 MP: 3/6
   263 | D:1      | Reached skill level 2 in Conjurations
   327 | D:1      | Identified a ring of magical power
   405 | D:1      | Identified a +0 leather armour
   444 | D:1      | Learned a level 2 spell: Static Discharge
   596 | D:1      | Identified a +0 trident
   615 | D:1      | Identified a +0 mace
   773 | D:1      | Identified a +0 whip
   775 | D:1      | Reached XP level 3. HP: 19/19 MP: 7/7
   812 | D:1      | Learned a level 3 spell: Swiftness
   945 | D:1      | Identified a +0 sling
  1073 | D:2      | Identified a +0 dagger
  1079 | D:1      | HP: 4/19 [poisoned by an adder]
  1198 | D:2      | Identified a +0 morningstar
  1209 | D:2      | Identified a +0 kite shield
  1372 | D:2      | Identified a +0 short sword
  1372 | D:2      | Identified a +0 short sword
  1372 | D:2      | Identified a +0 club
  1372 | D:2      | Identified a +0 whip
  1372 | D:2      | Identified a +0 short sword
  1390 | D:2      | Identified a +0 whip
  1402 | D:2      | Reached skill level 3 in Conjurations
  1402 | D:2      | Reached XP level 4. HP: 24/24 MP: 9/9
  1406 | D:2      | Reached skill level 3 in Spellcasting
  1406 | D:2      | Reached skill level 5 in Air Magic
  1607 | D:2      | You fall into a shaft and drop 1 floor!
  1625 | D:3      | Identified a +0 club
  1680 | D:2      | Identified a +0 dagger
  1684 | D:2      | Gained mutation: Your magical nature lets you fly swiftly
                  | and evasively. [Tengu growth]
  1684 | D:2      | Reached XP level 5. HP: 28/28 MP: 10/10
  1769 | D:2      | Identified a +0 club
  1855 | D:2      | Found a faded altar of an unknown god.
  1859 | D:2      | Got Plato's Book of Coordinates
  1899 | D:2      | Found a radiant altar of Vehumet.
  1902 | D:2      | Identified a +0 club
  1914 | D:2      | Identified a +0 short sword
  2238 | D:3      | Identified a +0 helmet
  2305 | D:3      | Identified a +0 short sword
  2305 | D:3      | Identified a +0 sling
  2334 | D:3      | Identified a +0 short sword
  2334 | D:3      | Identified a +2 ring mail of positive energy
  2335 | D:3      | Identified a +0 short sword
  2335 | D:3      | Identified a +0 falchion
  2335 | D:3      | Identified a +0 ring mail
  2365 | D:3      | Learned a level 4 spell: Airstrike
  2482 | D:4      | Identified a +0 giant spiked club
  2482 | D:4      | Noticed an ogre
  2482 | D:4      | Identified a +0 dagger
  2517 | D:3      | HP: 5/28 [ogre/+0 giant spiked club (23)]
  2541 | D:3      | Killed an ogre
  2542 | D:3      | Reached skill level 4 in Conjurations
  2542 | D:3      | Reached XP level 6. HP: 12/32 MP: 12/12
  2623 | D:3      | Learned a level 1 spell: Apportation
  2626 | D:3      | Identified a +0 leather armour
  2643 | D:4      | Reached skill level 6 in Air Magic
  2659 | D:4      | Identified a +0 trident
  2710 | D:4      | Identified a +0 trident
  2713 | D:4      | Identified a +0 dagger
  2806 | D:4      | Identified the +2 leather armour of Poal Kisk {rF- Dex+5}
  2849 | D:4      | Identified 3 scrolls of identify
  2849 | D:4      | Identified a scroll of revelation
  2850 | D:4      | Identified 2 scrolls of teleportation
  2851 | D:4      | Identified a scroll of poison
  2910 | D:4      | Identified a +2 dagger of venom
  2920 | D:4      | Identified a +0 hand axe
  2924 | D:4      | Reached skill level 4 in Spellcasting
  2926 | D:4      | Identified a +0 leather armour
  2986 | D:4      | Identified a +0 flail
  2986 | D:4      | Identified a +0 leather armour
  2986 | D:4      | Identified a +0 dagger
  2986 | D:4      | Identified a +0 ring mail
  2987 | D:4      | Identified 2 scrolls of torment
  2988 | D:4      | Identified a +0 flail
  2994 | D:4      | Reached skill level 5 in Conjurations
  3237 | D:4      | Found the +1 Delatra's gloves {ID++}
  3240 | D:4      | Found a glowing silver altar of Zin.
  3300 | D:4      | Identified a scroll of summoning
  3312 | D:4      | Identified a +0 dagger
  3419 | D:5      | Entered Level 5 of the Dungeon
  3429 | D:5      | Reached XP level 7. HP: 22/37 MP: 5/14
  3565 | D:5      | Identified a +0 scythe
  3565 | D:5      | Identified a +0 robe
  3565 | D:5      | Noticed Sigmund
  3573 | D:5      | Killed Sigmund
  3574 | D:5      | Reached skill level 1 in Fighting
  3574 | D:5      | Reached skill level 1 in Armour
  3574 | D:5      | Reached skill level 7 in Air Magic
  3588 | D:5      | Identified a scroll of fog
  3601 | D:5      | Noticed Grinder
  3633 | D:5      | Learned a level 3 spell: Mephitic Cloud
  3762 | D:5      | Identified a +2 mace of venom
  3839 | D:5      | Reached skill level 6 in Conjurations
  3872 | D:5      | Identified a +0 flail
  3931 | D:5      | Identified a +0 cloak
  4020 | D:5      | Identified a +0 club
  4021 | D:5      | Identified a +0 whip
  4021 | D:5      | Identified a +0 leather armour
  4023 | D:5      | Noticed Prince Ribbit
  4025 | D:5      | Identified a +0 club
  4026 | D:5      | Identified a +0 spear
  4033 | D:5      | Reached XP level 8. HP: 36/43 MP: 14/15
  4036 | D:5      | Killed Prince Ribbit
  4037 | D:5      | Reached skill level 2 in Armour
  4037 | D:5      | Reached skill level 3 in Dodging
  4037 | D:5      | Reached skill level 3 in Stealth
  4044 | D:5      | Identified a +3 rapier of venom
  4161 | D:5      | Identified a +0 hand axe
  4161 | D:5      | Identified a +0 ring mail
  4179 | D:5      | Reached skill level 2 in Fighting
  4213 | D:5      | Identified a +0 morningstar
  4281 | D:5      | Identified a +2 robe of willpower
  4417 | D:5      | Identified a +0 sling
  4488 | D:5      | Identified a +0 dagger
  4488 | D:5      | Identified a +0 robe
  4598 | D:5      | Paralysed by Grinder for 2 turns
  4630 | D:5      | Killed Grinder
  4631 | D:5      | Reached skill level 7 in Conjurations
  4631 | D:5      | Reached skill level 8 in Air Magic
  4787 | D:6      | Identified a +0 short sword
  4792 | D:6      | Found a sand-covered staircase.
  4796 | Ossuary  | Entered an ossuary
  5166 | Ossuary  | Identified a scroll of noise
  5299 | D:6      | Found a white marble altar of Elyvilon.
  5301 | D:6      | Identified a +0 flail
  5301 | D:6      | Identified a +0 leather armour
  5303 | D:6      | Identified a +0 flail
  5305 | D:6      | Identified a +0 hand axe
  5305 | D:6      | Identified a +0 orcbow
  5305 | D:6      | Identified a +0 chain mail
  5306 | D:6      | Identified a +0 dagger
  5306 | D:6      | Identified a +0 robe
  5309 | D:6      | Reached skill level 3 in Armour
  5424 | D:6      | Reached skill level 4 in Dodging
  5424 | D:6      | Reached XP level 9. HP: 49/49 MP: 16/16
  5527 | D:6      | Identified a +0 dagger
  5527 | D:6      | Identified a +3 short sword
  5527 | D:6      | Identified a +0 whip
  5530 | D:6      | Identified a +0 short sword
  5530 | D:6      | Identified a +1 vampiric dagger
  5530 | D:6      | Identified a +0 dagger
  5530 | D:6      | Identified a +0 dagger
  5538 | D:6      | Reached skill level 3 in Fighting
  5545 | D:6      | Identified a +0 club (You took it off a kobold on level 6
                  | of the Dungeon)
  5640 | D:6      | Found a sparkling altar of Nemelex Xobeh.
  5642 | D:6      | Reached skill level 8 in Conjurations
  5661 | D:6      | Reached skill level 9 in Air Magic
  5692 | D:6      | Reached skill level 4 in Stealth
  5876 | D:6      | Identified a +0 rapier
  5876 | D:6      | Identified a +0 leather armour
  5876 | D:6      | Noticed Eustachio
  5881 | D:6      | Killed Eustachio
  5951 | D:6      | Identified a +0 leather armour
  5967 | D:6      | Identified a +0 dagger
  5968 | D:6      | Identified a +0 short sword
  5969 | D:6      | Identified a +0 dagger
  5970 | D:6      | Identified a +0 trident
  5970 | D:6      | Identified a +0 ring mail
  5970 | D:6      | Identified a +0 hand axe
  5970 | D:6      | Identified a +0 scale mail
  5971 | D:6      | Identified a +0 dagger
  5971 | D:6      | Identified a +0 robe
  5972 | D:6      | Identified a +0 short sword
  5974 | D:6      | Identified a +0 short sword
  5976 | D:6      | Identified a +0 falchion
  5976 | D:6      | Identified a +0 scale mail
  5988 | D:6      | Identified a +0 club
  6209 | D:6      | Identified a +0 spear
  6212 | D:6      | Identified a scroll of enchant armour
  6524 | D:7      | Found a hazy altar of Hepliaklqana.
  6572 | D:7      | Identified a ring of resist corrosion
  6629 | D:7      | Identified a +2 whip of flaming
  6629 | D:7      | Identified a +0 robe
  6629 | D:7      | Noticed Pikel
  6643 | D:7      | Killed Pikel
  6644 | D:7      | Reached skill level 4 in Armour
  6644 | D:7      | Reached skill level 9 in Conjurations
  6700 | D:7      | Found a staircase to the Ecumenical Temple.
  6709 | Temple   | Entered the Ecumenical Temple
  6921 | D:7      | Noticed a hornet
  6933 | D:7      | Killed a hornet
  6934 | D:7      | Reached skill level 10 in Air Magic
  6951 | D:7      | Reached skill level 4 in Fighting
  7106 | D:7      | Identified a +1 hand axe of distortion
  7183 | D:7      | Reached skill level 5 in Dodging
  7183 | D:7      | Reached XP level 10. HP: 56/56 MP: 17/17
  7245 | D:7      | Reached skill level 5 in Stealth
  7643 | D:8      | Identified a +0 orcbow
  7645 | D:8      | Identified a +0 dagger
  7671 | D:8      | Identified a +0 short sword
  7672 | D:8      | Identified a +0 dagger
  7672 | D:8      | Identified a +0 leather armour
  7673 | D:8      | Identified a +0 whip
  7673 | D:8      | Identified a +0 scale mail
  7673 | D:8      | Identified a +0 short sword
  7673 | D:8      | Identified a +0 plate armour
  7683 | D:8      | Identified a +0 dagger
  7683 | D:8      | Identified a +0 robe
  7687 | D:8      | Identified a +0 dagger
  7691 | D:8      | Identified a +1 vampiric dagger
  7691 | D:8      | Identified a +0 robe
  7700 | D:8      | Identified a +0 mace of holy wrath
  7700 | D:8      | Identified a +0 plate armour
  7710 | D:8      | Identified a +1 dagger of draining
  7710 | D:8      | Identified a +0 robe
  7927 | D:8      | Identified a +0 club
  7927 | D:8      | Identified a +0 robe
  7927 | D:8      | Identified a +0 club
  7927 | D:8      | Identified a +0 spear
  7927 | D:8      | Identified a +0 flail
  7927 | D:8      | Identified a +0 dagger
  7927 | D:8      | Identified a +0 robe
  7927 | D:8      | Identified a +0 flail
  7927 | D:8      | Identified a +0 dagger
  7927 | D:8      | Identified a +0 flail
  7927 | D:8      | Identified a +0 leather armour
  7928 | D:8      | Identified a +0 club
  7929 | D:8      | Identified a +0 shortbow
  7929 | D:8      | Noticed a green ugly thing
  7933 | D:8      | Identified a +0 club
  7933 | D:8      | Identified a +0 robe
  7933 | D:8      | Identified a +0 dagger
  7933 | D:8      | Identified a +0 leather armour
  7941 | D:8      | Identified a +0 mace
  7941 | D:8      | Identified a +3 whip of electrocution
  7945 | D:8      | Identified a +0 dire flail
  7945 | D:8      | Identified a +0 robe
  7949 | D:8      | Reached skill level 10 in Conjurations
  7986 | D:8      | Killed a green ugly thing
  7987 | D:8      | Reached skill level 5 in Armour
  7989 | D:8      | HP: 13/58 [poisoned by a green ugly thing]
  7993 | D:8      | Identified 3 potions of lignification
  7994 | D:8      | Identified 2 scrolls of immolation
  7996 | D:8      | Identified a +5 short sword of freezing
  7996 | D:8      | Identified a +0 robe
  8000 | D:8      | Identified a +0 spear
  8000 | D:8      | Identified a +0 robe
  8003 | D:8      | Identified a +0 hand axe
  8003 | D:8      | Identified a +0 robe
  8005 | D:8      | Reached skill level 11 in Air Magic
  8014 | D:8      | Identified a +0 shortbow
  8169 | D:8      | Identified a +1 whip of venom
  8169 | D:8      | Identified a +0 spear
  8171 | D:8      | Identified a +0 flail
  8174 | D:8      | Identified a +0 flail
  8174 | D:8      | Identified a +0 robe
  8174 | D:8      | Identified a +0 halberd
  8176 | D:8      | Identified a +0 whip
  8177 | D:8      | Identified a +6 falchion of freezing
  8177 | D:8      | Identified a +0 robe
  8179 | D:8      | Identified a +0 spear of distortion
  8179 | D:8      | Identified a +0 scale mail
  8179 | D:8      | Identified a +0 kite shield
  8181 | D:8      | Identified a +0 great sword
  8181 | D:8      | Identified a +0 ring mail
  8223 | D:8      | Identified a +0 halberd
  8223 | D:8      | Identified a +0 robe
  8229 | D:8      | Identified a +0 orcbow
  8386 | D:8      | Identified a +0 club
  8387 | D:8      | Identified a +0 flail
  8389 | D:8      | Identified a +0 spear
  8389 | D:8      | Identified a +0 robe
  8392 | D:8      | Identified a +0 spear
  8392 | D:8      | Identified a +0 ring mail
  8394 | D:8      | Identified a +0 whip
  8421 | D:8      | Identified a +4 battleaxe
  8421 | D:8      | Identified a +0 robe
  8462 | D:8      | Identified a +0 whip
  8465 | D:8      | Identified a +0 club
  8465 | D:8      | Identified a +0 leather armour
  8469 | D:8      | Identified a +0 whip
  8473 | D:8      | Identified a +0 whip
  8474 | D:8      | Reached skill level 5 in Fighting
  8486 | D:8      | Identified a +2 scimitar of flaming
  8486 | D:8      | Identified a +0 chain mail
  8486 | D:8      | Identified a ring of protection from cold
  8621 | D:8      | Identified a +0 great sword
  8621 | D:8      | Identified a +0 robe
  8987 | D:8      | Identified a +0 spear
  9009 | D:8      | Identified a scroll of fear
  9037 | D:8      | Found an opulent altar of Gozag.
  9044 | D:8      | Identified a +0 long sword
  9074 | D:8      | Noticed a manticore
  9077 | D:8      | Killed a manticore
  9080 | D:8      | Identified +0 acid dragon scales
  9203 | D:8      | Identified a +1 hat
  9248 | D:9      | Found Voitt's Jewellery Shoppe.
  9269 | D:9      | Found Muraow's Magic Scroll Emporium.
  9279 | D:9      | Identified a +0 pair of boots
  9284 | D:9      | Identified a +0 leather armour
  9295 | D:9      | Bought a scroll of identify for 26 gold pieces
  9295 | D:9      | Bought a scroll of enchant weapon for 97 gold pieces
  9295 | D:9      | Bought a scroll of identify for 26 gold pieces
  9295 | D:9      | Bought a scroll of identify for 26 gold pieces
  9295 | D:9      | Bought a scroll of fear for 52 gold pieces
  9295 | D:9      | Bought a scroll of teleportation for 39 gold pieces
  9298 | D:9      | Bought a ring of wizardry for 300 gold pieces
  9328 | D:9      | Found a burning altar of Makhleb.
  9349 | D:9      | Reached skill level 6 in Dodging
  9356 | D:9      | Identified a +0 war axe
  9356 | D:9      | Identified a +0 shortbow
  9358 | D:9      | Reached XP level 11. HP: 64/64 MP: 18/18
  9371 | D:9      | Found Xuhaoxke's Magic Scroll Emporium.
  9379 | D:9      | Bought a scroll of identify for 30 gold pieces
  9379 | D:9      | Bought a scroll of blinking for 112 gold pieces
  9379 | D:9      | Identified a scroll of vulnerability
  9380 | D:9      | Identified 2 potions of attraction
  9381 | D:9      | Identified a potion of mutation
  9382 | D:9      | Identified 3 potions of berserk rage
  9385 | D:9      | Found Biuggu's General Store.
  9423 | D:9      | Reached skill level 6 in Stealth
  9423 | D:9      | Reached skill level 11 in Conjurations
  9423 | D:9      | HP: 11/64 [large slime creature (32)]
  9494 | D:9      | Reached skill level 6 in Armour
  9637 | D:9      | Found a shimmering altar of Xom.
  9741 | D:9      | Found Varil's Armour Shop.
  9773 | D:9      | Identified a +0 club
  9773 | D:9      | Identified a +0 whip
  9773 | D:9      | Identified a +0 short sword
  9779 | D:9      | Identified a +0 dire flail
  9779 | D:9      | Identified a +0 giant club
  9779 | D:9      | Noticed a two-headed ogre
  9783 | D:9      | Killed a two-headed ogre
  9879 | D:9      | Found a shadowy altar of Dithmenos.
  9881 | D:9      | Found a radiant altar of Vehumet.
  9886 | D:9      | Found an ornate altar of the Wu Jian Council.
  9897 | D:9      | Became a worshipper of Dithmenos the Shadowed
  9928 | D:9      | Identified the +1 leather armour of Moral Flaws {rPois
                  | Int+5}
  9945 | D:9      | Learned a level 4 spell: Olgreb's Toxic Radiance
  9967 | D:9      | Found a stormy altar of Qazlal.
  9975 | D:9      | Identified a ring of willpower
 10076 | D:9      | Found a hide-covered altar of Uskayaw.
 10104 | D:9      | Reached skill level 12 in Air Magic
 10193 | D:9      | Reached skill level 1 in Poison Magic
 10286 | D:9      | Found a staircase to the Lair.
 10306 | D:9      | Bought a scroll of identify for 30 gold pieces
 10306 | D:9      | Identified 4 potions of enlightenment
 10550 | D:10     | Entered Level 10 of the Dungeon
 10564 | D:10     | Identified 4 potions of cancellation
 10569 | D:10     | Identified a +0 giant club
 10569 | D:10     | Identified a +0 giant club
 10569 | D:10     | Noticed a two-headed ogre
 10572 | D:10     | Killed a two-headed ogre
 10577 | D:10     | Reached skill level 6 in Fighting
 10588 | D:10     | Identified a +0 giant club
 10588 | D:10     | Identified a +0 giant club
 10588 | D:10     | Noticed a two-headed ogre
 10719 | D:10     | Identified a +0 dagger
 10719 | D:10     | Identified a +0 robe
 10720 | D:10     | Identified a +0 flail
 10721 | D:10     | Identified a +0 flail
 10721 | D:10     | Identified a +0 dagger
 10721 | D:10     | Identified a +0 robe
 10749 | D:10     | Killed a two-headed ogre
 10750 | D:10     | Reached skill level 1 in Invocations
 10750 | D:10     | Reached skill level 1 in Evocations
 10897 | D:10     | Identified a +0 dagger
 10897 | D:10     | Identified a +0 dagger
 10897 | D:10     | Identified a +0 robe
 10902 | D:10     | Identified a +0 club
 10902 | D:10     | Identified a +0 leather armour
 10903 | D:10     | Identified a +0 bardiche
 10916 | D:10     | Identified 3 potions of experience
 10928 | D:10     | Reached skill level 7 in Dodging
 10939 | D:10     | HP: 21/96 [killer bee (5)]
 10944 | D:10     | HP: 13/96 [poisoned by a killer bee]
 11135 | D:10     | Reached skill level 8 in Spellcasting
 11135 | D:10     | Reached XP level 12. HP: 70/70 MP: 25/25
 11136 | D:10     | Reached skill level 7 in Fighting
 11136 | D:10     | Reached skill level 7 in Armour
 11136 | D:10     | Reached skill level 12 in Conjurations
 11136 | D:10     | Reached skill level 3 in Poison Magic
 11136 | D:10     | Reached skill level 2 in Invocations
 11136 | D:10     | Reached skill level 3 in Evocations
 11136 | D:10     | Reached XP level 13. HP: 76/76 MP: 26/26
 11137 | D:10     | Reached skill level 8 in Fighting
 11137 | D:10     | Reached skill level 8 in Armour
 11137 | D:10     | Reached skill level 8 in Dodging
 11137 | D:10     | Reached skill level 9 in Spellcasting
 11137 | D:10     | Reached XP level 14. HP: 84/84 MP: 27/28
 11240 | D:10     | Reached skill level 9 in Dodging
 11462 | D:10     | Reached skill level 4 in Poison Magic
 11598 | D:10     | Identified the +5 long sword "Duuzymuh" {freeze, rF+ rN+}
 11803 | D:10     | Identified a +0 trident
 11803 | D:10     | Identified a +0 leather armour
 11803 | D:10     | Identified a +0 flail
 11805 | D:10     | Identified a +0 battleaxe
 11805 | D:10     | Identified a +0 chain mail
 12101 | D:9      | Bought a potion of might for 52 gold pieces
 12101 | D:9      | Bought a potion of lignification for 39 gold pieces
 12101 | D:9      | Identified a scroll of amnesia
 12175 | D:10     | Reached * piety under Dithmenos
 12177 | D:10     | Identified a +0 dagger
 12177 | D:10     | Identified a +0 cloak
 12177 | D:10     | Noticed Maurice
 12180 | D:10     | Reached skill level 9 in Armour
 12182 | D:10     | Killed Maurice
 12404 | D:11     | Identified a +0 war axe
 12484 | D:11     | Reached skill level 3 in Invocations
 12547 | D:11     | Slain by a white ugly thing

Table legend: (Time is in decaauts)
 A = Elapsed time spent in this place.
 B = Non-inter-level travel time spent in this place.
 C = Inter-level travel time spent in this place.
 D = Time resting spent in this place.
 E = Time spent auto-exploring this place.
 F = Levels seen in this place.
 G = Mean time per level.
                   A        B        C        D        E       F      G
               +--------+--------+--------+--------+--------+-----+--------+
         Total |  11968 |  11385 |    583 |   4365 |   4920 |  13 |  920.6 |
       Dungeon |  11531 |  10957 |    574 |   4167 |   4774 |  11 | 1048.3 |
        Temple |     59 |     51 |      8 |      0 |     47 |   1 |   59.0 |
       Ossuary |    377 |    377 |      0 |    198 |     98 |   1 |  377.0 |
               +--------+--------+--------+--------+--------+-----+--------+

Top non-repeatable levels by time:
    D:10: 1609 daAuts
     D:9: 1374 daAuts
     D:8: 1319 daAuts
     D:6: 1308 daAuts
     D:7: 1219 daAuts
     D:1: 1148 daAuts
     D:5: 1132 daAuts
     D:2: 907 daAuts
     D:4: 863 daAuts
     D:3: 493 daAuts
 Ossuary: 377 daAuts
    D:11: 155 daAuts
  Temple: 59 daAuts

Table legend:
 A = Kills in this place as a percentage of kills in the entire game.
 B = Kills by you in this place as a percentage of kills by you in the entire game.
 C = Kills by friends in this place as a percentage of kills by friends in the entire game.
 D = Other kills in this place as a percentage of other kills in the entire game.
 E = Experience gained in this place as a percentage of experience gained in the entire game.
 F = Experience gained in this place divided by the number of levels of this place that you have seen.
                   A       B       C       D       E      F
               +-------+-------+-------+-------+-------+----------------------
         Total | 100.0 | 100.0 |   N/A | 100.0 | 100.0 | 1392.2
       Dungeon |  94.5 |  94.4 |   N/A | 100.0 |  99.2 | 1631.7
       Ossuary |   5.5 |   5.6 |   N/A |   0.0 |   0.8 | 150.0
               +-------+-------+-------+-------+-------+----------------------

Skill      XL: |  1  2  3  4  5  6  7  8  9 10 11 12 13 14 |
---------------+-------------------------------------------+-----
Conjurations   | 2 3 4 5 6 7 9 10 11 12 | 12.0
Spellcasting   | 3 4 8 9 |  9.5
Air Magic      | 5 6 7 8 10 11 12 | 12.0
Fighting       | 1 2 4 5 6 7 8 |  8.0
Armour         | 1 3 4 5 6 7 8 9 |  9.0
Dodging        | 4 5 6 7 8 9 |  9.0
Stealth        | 3 4 5 6 |  6.0
Poison Magic   | 1 3 4 |  4.1
Invocations    | 1 2 3 |  3.0
Evocations     | 1 3 |  3.9
Necromancy     | |  0.8
Translocations | |  0.5

Action                     |  1- 3 |  4- 6 |  7- 9 | 10-12 | 13-15 || total
---------------------------+-------+-------+-------+-------+-------++-------
  Melee: Short sword       |     5 |       |       |       |       ||     5
         Kick              |     2 |     1 |    11 |    11 |     4 ||    29
         Punch             |     1 |       |       |       |       ||     1
         Trident           |       |    19 |     1 |       |       ||    20
         Peck              |       |     1 |     5 |     1 |     3 ||    10
         Rapier            |       |       |    25 |    25 |     3 ||    53
         Scimitar          |       |       |       |     3 |       ||     3
         Long sword        |       |       |       |       |     4 ||     4
   Cast: Shock             |    63 |   113 |   140 |   136 |    22 ||   474
         Static Discharge  |     3 |     7 |     9 |    30 |    11 ||    60
         Swiftness         |       |     1 |       |       |     1 ||     2
         Apportation       |       |       |     1 |       |       ||     1
         Airstrike         |       |       |    30 |    64 |    27 ||   121
         Mephitic Cloud    |       |       |     5 |     5 |       ||    10
         Olgreb's Toxic Ra |       |       |       |       |     1 ||     1
    Use: Scroll            |       |     5 |     4 |    10 |     1 ||    20
         Potion            |       |       |       |     5 |     1 ||     6
   Stab: Sleeping          |       |     1 |       |     2 |       ||     3
         Confused          |       |       |       |     1 |       ||     1
 Armour: Leather armour    |       |     9 |       |     8 |     4 ||    21
         Ring mail         |       |     6 |     5 |       |       ||    11
         Robe              |       |       |     6 |     9 |       ||    15
         Acid dragon scale |       |       |       |     3 |       ||     3
         Skin              |       |       |       |     3 |       ||     3
  Dodge: Dodged            |     3 |    22 |    55 |    73 |    25 ||   178

Vanquished Creatures
  3 two-headed ogres
  Pikel (D:7)
  An ugly thing (D:8)
  A manticore (D:8)
  Maurice (D:10)
  A komodo dragon (D:10)
  2 trolls
  Grinder (D:5)
  2 hornets (D:7)
  Prince Ribbit (D:5)
  A shadow (D:11)
  Sigmund (D:5)
  4 slime creatures (D:9)
  Eustachio (D:6)
  7 yaks
  2 basilisks (D:9)
  A wraith (D:9)
  2 vampire mosquitoes (D:10)
  A steam dragon (D:9)
  2 acid dragons
  A water moccasin (D:7)
  2 sky beasts (D:7)
  5 orc warriors
  A black bear (D:6)
  An ogre (D:3)
  5 centaurs
  2 phantoms (D:5)
  3 kobold brigands
  2 bullfrogs
  4 scorpions
  2 gnoll sergeants (D:8)
  10 wights (D:8)
  13 killer bees
  6 howler monkeys
  5 orc priests
  3 gnoll boudas
  2 hounds
  3 jellies
  4 iguanas
  4 sleepcaps
  10 orc wizards
  8 mummies (Ossuary)
  21 gnolls
  9 adders
  A shadow imp (D:8)
  4 worms
  4 dart slugs
  29 orcs
  6 bats
  14 endoplasms
  A giant cockroach (D:1)
  7 goblins
  3 hobgoblins
  4 jackals
  26 kobolds
  6 quokkas
  6 ball pythons
  6 frilled lizards
  A gnoll zombie (Ossuary)
  A hobgoblin zombie (Ossuary)
  4 kobold zombies (Ossuary)
  2 orc zombies (Ossuary)
  4 rats
291 creatures vanquished.

Vanquished Creatures (others)
  A killer bee (D:10)
1 creature vanquished.

Grand Total: 292 creatures vanquished
